 Dungeon Crawl Stone Soup version 0.31-a0-1074-g0b22e4e0f1 (webtiles) character file.

Game seed: 16702335883253619641

130 sammy202020 the Trooper (level 5, -1/33 HPs)
             Began as a Gargoyle Fighter on Nov 26, 2023.
             Killed from afar by an orc wizard (5 damage)
             ... with a magic dart
             ... on level 3 of the Dungeon.
             The game lasted 00:02:52 (1637 turns).

sammy202020 the Trooper (Gargoyle Fighter)          Turns: 1637, Time: 00:02:53

Health: -1/33      AC: 13    Str: 19    XL:     5   Next: 13%
Magic:  5/5        EV:  9    Int: 11    God:
Gold:   116        SH:  0    Dex:  9    Spells: 4/4 levels left

rFire   . . .        a - +0 flail
rCold   . . .        c - +0 buckler
rNeg    + . .        b - +0 scale mail
rPois   ∞            g - +0 helmet
rElec   +            (no cloak)
rCorr   .            n - +0 pair of gloves
SInv    .            (no boots)
Will    .....        (no amulet) Stlth
                     (no ring)
HPRegen 0.25/turn    (no ring)
MPRegen 0.09/turn

%: no passive effects
@: confused, mighty
A: sickness immunity, AC +4, negative energy resistance 1, electricity
resistance, torment resistance 1, petrification resistance
a: no special abilities


You were on level 3 of the Dungeon.
You visited 1 branch of the dungeon, and saw 3 of its levels.

You collected 116 gold pieces.

Inventory:

Hand Weapons
 a - a +0 flail (weapon)
 h - a +0 sling
Missiles
 m - 15 stones
 o - 2 boomerangs (quivered)
Armour
 b - a +0 scale mail (worn)
 c - a +0 buckler (worn)
 g - a +0 helmet (worn)
 n - a +0 pair of gloves (worn)
Scrolls
 f - a scroll of amnesia
 i - 3 scrolls of noise
 j - a scroll of teleportation {unknown}
 k - 2 scrolls of identify


   Skills:
 * Level 4.1 Fighting
 * Level 3.0 Maces & Flails
 + Level 0.4 Throwing
 * Level 4.0 Armour
 + Level 1.0 Dodging
 * Level 4.0 Shields


You had 4 spell levels left.
You didn't know any spells.
Your spell library contained the following spells:

 Spells                   Type           Power      Damage    Failure   Level
 Sting                    Tmut/Pois      0%         1d3       78%         1
 Poisonous Vapours        Pois/Air       0%         N/A       89%         2
 Olgreb's Toxic Radiance  Pois           0%         N/A       100%        4


Dungeon Overview and Level Annotations

Branches:
Dungeon (3/15)

Altars:


Innate Abilities, Weirdness & Mutations

You are immune to sickness and miasma.
Your stone body is resilient. (AC +4)
You are immune to poison.
You resist negative energy. (rN+)
You are resistant to electric shocks. (rElec)
You are resistant to unholy torment.
You are immune to petrification.


Message History

The orc wizard is severely wounded.
The orc wizard casts a spell at you. The puff of flame hits you.
The orc hits you but does no damage. You block the orc's attack.
The orc hits you with a +0 dagger. The orc barely misses you.
The orc hits you but does no damage. x2
The orc wizard hits you with a +0 dagger.
* * * LOW HITPOINT WARNING * * *
You closely miss the orc wizard.
The orc wizard is severely wounded.
The orc barely misses you. The orc hits you with a +0 whip.
* * * LOW HITPOINT WARNING * * *
The orc hits you but does no damage.
The orc wizard hits you with a +0 dagger.
* * * LOW HITPOINT WARNING * * *
Okay, then.
You closely miss the orc wizard.
The orc wizard is severely wounded.
The orc closely misses you. The orc hits you but does no damage.
The orc closely misses you.
The orc wizard hits you but does no damage.
Okay, then.
You closely miss the orc wizard.
The orc wizard is severely wounded.
The orc wizard casts a spell at you.
You are confused.
The orc closely misses you. The orc hits you but does no damage. x2
The orc hits you with a +0 club.
* * * LOW HITPOINT WARNING * * *
The orc hits you but does no damage. The orc hits you with a +0 whip.
* * * LOW HITPOINT WARNING * * *
The orc wizard gestures at you while chanting.
The magic dart hits you but does no damage.
You sock the orc!
You kill the orc!
The orc wizard hits you but does no damage.
The orc closely misses you. The orc barely misses you.
An orc comes into view. It is wielding a +0 club.
The orc wizard gestures at you while chanting.
The magic dart hits you.
You die...

# .... # ... #+# # ..
#.# # #o #.# #
#.#########.## #
###?...........#######
#..)oo#####...........
#..o.@# #....#######
#.....#####.#.##
#...>.........#
#...........###
#############


You could see an orc wizard and 3 orcs.

Vanquished Creatures
  Ijyb (D:3)
  4 adders
  A dart slug (D:2)
  2 orcs (D:3)
  4 endoplasms
  6 giant cockroaches
  2 goblins (D:1)
  10 hobgoblins
  10 jackals
  A kobold (D:3)
  A quokka (D:2)
  5 ball pythons
  7 bats
  A frilled lizard (D:2)
  A rat (D:1)
56 creatures vanquished.

Notes
Turn   | Place    | Note
-------+----------+-------------------------------------------
     0 | D:1      | sammy202020 the Gargoyle Fighter began the quest for the
                  | Orb.
     0 | D:1      | Reached XP level 1. HP: 14/14 MP: 1/1
   109 | D:1      | Reached XP level 2. HP: 18/19 MP: 2/2
   376 | D:1      | Reached XP level 3. HP: 23/23 MP: 3/3
   974 | D:2      | Reached XP level 4. HP: 28/29 MP: 4/4
  1553 | D:3      | Found a faded altar of an unknown god.
  1615 | D:3      | Noticed Ijyb
  1628 | D:3      | Killed Ijyb
  1629 | D:3      | Reached skill level 1 in Dodging
  1629 | D:3      | Reached XP level 5. HP: 24/33 MP: 5/5
  1637 | D:3      | Killed from afar by an orc wizard

Illustrated notes

Levels and vault maps discovered:
D:1:      minmay_arrival_three_doors, layout_rooms
D:2:      layout_basic
D:3:      layout_loops_corners, shapermc_ecumenical_altar_mp_urbaneastern,
          solitary_fountain, uniq_ijyb

Skill      XL: |  1  2  3  4  5 |
---------------+----------------+-----
Fighting       | 4 |  4.1
Shields        | 4 |  4.0
Maces & Flails | 3 |  3.0
Dodging        | 1 |  1.0
Armour         | 4 |  4.0
Throwing       | |  0.4

Action                     |  1- 3 |  4- 6 || total
---------------------------+-------+-------++-------
  Melee: Flail             |   121 |    67 ||   188
    Use: Scroll            |     2 |     4 ||     6
         Potion            |       |     2 ||     2
 Armour: Scale mail        |   119 |    91 ||   210
  Dodge: Dodged            |    95 |    40 ||   135
  Block: Buckler           |    39 |    19 ||    58

Table legend: (Time is in decaauts)
 A = Elapsed time spent in this place.
 B = Non-inter-level travel time spent in this place.
 C = Inter-level travel time spent in this place.
 D = Time resting spent in this place.
 E = Time spent auto-exploring this place.
 F = Levels seen in this place.
 G = Mean time per level.
                   A        B        C        D        E       F      G
               +--------+--------+--------+--------+--------+-----+--------+
         Total |   1696 |   1696 |      0 |    125 |   1025 |   3 |  565.3 |
       Dungeon |   1696 |   1696 |      0 |    125 |   1025 |   3 |  565.3 |
               +--------+--------+--------+--------+--------+-----+--------+

Top non-repeatable levels by time:
     D:2: 740 daAuts
     D:1: 632 daAuts
     D:3: 323 daAuts
